 Dungeon Crawl Stone Soup version 0.24.1-14-gf8d2b509d9 (webtiles) character file.

Game seed: 17668888316510379234, levelgen mode: deterministic

26 sarahrogue the Firebug (level 2, -1/20 HPs)
             Began as a Draconian Fire Elementalist on June 9, 2022.
             Slain by a worm (11 damage)
             ... on level 2 of the Dungeon.
             The game lasted 00:15:18 (2051 turns).

sarahrogue the Firebug (DrFE)                       Turns: 2051, Time: 00:15:18

Health: -1/20      AC:  5    Str: 10    XL:     2   Next: 89%
Magic:  5/5        EV: 12    Int: 15    God:
Gold:   48         SH:  4    Dex: 11    Spells: 4/5 levels left

rFire    . . .     SeeInvis .   a - +0 spear
rCold    . . .     Gourm    .   (no shield)
rNeg     . . .     Faith    .   (armour unavailable)
rPois    .         Spirit   .   (helmet restricted)
rElec    .         Reflect  +   (no cloak)
rCorr    .         Harm     .   (no gloves)
MR       .....                  j - +0 pair of boots
Stlth    ++........             e - +4 amulet of reflection
HPRegen  0.06/turn              (no ring)
MPRegen  0.09/turn              (no ring)

@: no status effects
A: unfitting armour, cold-blooded, AC +4
a: no special abilities


You were on level 2 of the Dungeon.
You were not hungry.

You visited 1 branch of the dungeon, and saw 2 of its levels.

You collected 48 gold pieces.

Inventory:

Hand Weapons
 a - a +0 spear (weapon)
 c - a +0 dagger
 i - a +0 club
 k - a +0 club
 l - a +0 dagger
 n - a +0 club
 o - a +0 dagger
 r - a +0 short sword
 s - a +0 dagger
Missiles
 d - 28 stones (quivered)
Armour
 j - a +0 pair of boots (worn)
 p - a +1 pair of boots
Jewellery
 e - a +4 amulet of reflection (around neck)
Scrolls
 f - a scroll of amnesia {unknown}
 g - 2 scrolls of remove curse {unknown}
 h - a scroll of blinking {unknown}
 m - a scroll of identify {unknown}
 q - a scroll of fog {unknown}
Potions
 t - a potion of might {unknown}
Comestibles
 b - a ration


   Skills:
 + Level 0.2 Polearms
 + Level 2.1 Dodging
 + Level 1.7 Stealth
 + Level 2.1 Spellcasting
 + Level 1.0 Conjurations
 + Level 3.8 Fire Magic


You had 4 spell levels left.
You knew the following spells:

 Your Spells              Type           Power        Failure   Level  Hunger
a - Flame Tongue          Conj/Fire      #....        9%          1    #......

Your spell library contained the following spells:

 Spells                   Type           Power        Failure   Level  Hunger
 Throw Flame              Conj/Fire      #.....       12%         2    ###....
 Conjure Flame            Conj/Fire      #.......     24%         3    ###....
 Inner Flame              Hex/Fire       #.......     30%         3    ###....
 Sticky Flame             Conj/Fire      #.......     63%         4    #####..
 Fireball                 Conj/Fire      #.........   92%         5    ######.


Dungeon Overview and Level Annotations

Branches:
Dungeon (2/15)

Altars:


Innate Abilities, Weirdness & Mutations

Your plain brown scales are hard. (AC +4)
You cannot fit into any form of body armour.
You are cold-blooded and may be slowed by cold attacks.


Message History

There is a stone staircase leading down here.
You climb downwards.
There is a stone staircase leading up here.
You see here a +0 dagger.
s - a +0 dagger You see here a smoky brown potion.
t - a smoky brown potion You hit the worm.
The worm is lightly wounded.
You hit the worm.
The worm is moderately wounded.
The worm bites you.
You hit the worm.
The worm is moderately wounded.
The worm bites you.
You hit the worm.
Your tail-slap misses the worm.
The worm is moderately wounded.
The worm bites you!
Ouch! That really hurt!
You die...

############
#..........#
.##.......<..#
.............#
#............#
#..........<.#
.!#..........#
. #..........#
#........w@#
#..........#
############


You could see a worm.

Vanquished Creatures
  2 leopard geckos (D:1)
  3 giant cockroaches (D:1)
  4 goblins
  2 hobgoblins (D:1)
  4 kobolds (D:1)
  2 frilled lizards (D:1)
  6 rats (D:1)
23 creatures vanquished.

Notes
Turn   | Place    | Note
-------+----------+-------------------------------------------
     0 | D:1      | sarahrogue the Draconian Fire Elementalist began the quest
                  | for the Orb.
     0 | D:1      | Reached XP level 1. HP: 14/14 MP: 3/3
   455 | D:1      | Reached XP level 2. HP: 20/20 MP: 5/5
  1751 | D:1      | Paralysed by fainting for 8 turns
  1821 | D:1      | Paralysed by fainting for 11 turns
  2051 | D:2      | Slain by a worm

Levels and vault maps discovered:
D:1:      dpeg_arrival_arbitrary_c, layout_basic
D:2:      layout_rooms, nicolae_overflow_crystal_walls, first_ration,
          grunt_ministairs_5, chequers_serial_rivers_micro_a, st_stairs_5

Skill      XL: |  1 |
---------------+----+-----
Dodging        | 2 |  2.1
Polearms       | |  0.2
Stealth        | |  1.7
Spellcasting   | |  2.1
Conjurations   | |  1.0
Fire Magic     | |  3.8

Action                   || total
-------------------------++-------
Melee: Spear             ||   100
       Tailslap          ||     5
  Eat: Ration            ||     1
Armor: Skin              ||    31
Dodge: Dodged            ||    39
Block: Other             ||     8
